 Dungeon Crawl Stone Soup version 0.22-a0-392-g5dc3fd9 (webtiles) character file.

94 MisterFreud the Charmwright (level 4, -6/38 HPs)
             Began as a Gnoll Skald on May 2, 2018.
             Blown up by a gnoll (13 damage)
             ... with a wand of disintegration (11)
             ... on level 3 of the Dungeon.
             The game lasted 00:08:33 (2440 turns).

MisterFreud the Charmwright (Gnoll Skald)           Turns: 2440, Time: 00:08:34

Health: -6/38      AC:  3    Str: 13    XL:     4   Next: 63%
Magic:  3/11       EV: 14    Int: 17    God:
Gold:   22         SH:  0    Dex: 14    Spells: 2/13 levels left

rFire    . . .     SeeInvis .   a - +0 spear
rCold    . . .     Gourm    .   (no shield)
rNeg     . . .     Faith    .   b - +0 leather armour
rPois    .         Spirit   .   (no helmet)
rElec    .         Reflect  .   (no cloak)
rCorr    .         Harm     .   (no gloves)
MR       .....                  (no boots)
Stlth    ++........             (no amulet)
HPRegen  0.12/turn              (no ring)
MPRegen  0.12/turn              (no ring)

@: no status effects
A: distributed training, fangs 1, strong nose
a: no special abilities


You were on level 3 of the Dungeon.
You were very hungry.

You visited 1 branch of the dungeon, and saw 3 of its levels.

You collected 22 gold pieces.

Inventory:

Hand Weapons
 a - a +0 spear (weapon)
Missiles
 h - 62 stones (quivered)
 i - 4 tomahawks
 j - 45 arrows
 p - 11 bolts
Armour
 b - a +0 leather armour (worn)
Scrolls
 c - a scroll of identify {unknown}
 e - a scroll of magic mapping
 g - a scroll of enchant weapon {unknown}
 l - 2 scrolls of remove curse
 n - 2 scrolls of fear {unknown}
 o - a scroll of blinking {unknown}
Potions
 m - 2 potions of curing {unknown}
 q - a potion of flight {unknown}
Comestibles
 d - 2 rations


   Skills:
 + Level 4.6 Fighting
 + Level 1.2 Short Blades
 + Level 1.2 Long Blades
 + Level 1.2 Axes
 + Level 1.2 Maces & Flails
 + Level 4.6 Polearms
 + Level 1.2 Staves
 + Level 1.2 Slings
 + Level 1.2 Bows
 + Level 1.2 Crossbows
 + Level 1.2 Throwing
 + Level 2.8 Armour
 + Level 4.6 Dodging
 + Level 1.2 Stealth
 + Level 1.2 Shields
 + Level 1.2 Unarmed Combat
 + Level 5.1 Spellcasting
 + Level 1.0 Conjurations
 + Level 1.0 Hexes
 + Level 5.5 Charms
 + Level 1.0 Summonings
 + Level 1.0 Necromancy
 + Level 1.0 Translocations
 + Level 1.0 Transmutations
 + Level 1.0 Fire Magic
 + Level 1.0 Ice Magic
 + Level 1.0 Air Magic
 + Level 1.0 Earth Magic
 + Level 1.0 Poison Magic
 + Level 1.3 Invocations
 + Level 1.2 Evocations


You had 2 spell levels left.
You knew the following spells:

 Your Spells              Type           Power        Failure   Level  Hunger
a - Infusion              Chrm           ###.         1%          1    None
b - Song of Slaying       Chrm           ###.....     2%          2    #......
c - Shroud of Golubria    Chrm/Tloc      ###.......   7%          2    #......
d - Regeneration          Chrm/Necr      ###.......   14%         3    ###....
e - Spectral Weapon       Hex/Chrm       ###.....     14%         3    ###....


Dungeon Overview and Level Annotations

Branches:
Dungeon (3/15)

Altars:

Annotations:
D:2 Sigmund


Innate Abilities, Weirdness & Mutations

Your experience applies equally to all skills.
You have very sharp teeth.
Your uncanny sense of smell can sniff out nearby items.


Message History

The gnoll barely misses you.
A kobold comes into view. It is wielding a short sword.
You hit the gnoll but do no damage.
The gnoll is almost dead.
The kobold throws a stone.
The stone closely misses you. The gnoll closely misses you.
You barely miss the gnoll.
The gnoll is almost dead.
The kobold moves out of view.
The gnoll hits you with a spear!
* * * LOW HITPOINT WARNING * * *
The gnoll barely misses you.
Your song is almost over.
Your song has ended.
Your magical infusion is running out.
A gnoll comes into view. It is wielding a halberd.
The gnoll shouts!
You are no longer magically infusing your attacks.
Found a scroll labeled OSESHU PI RARIPI.
The gnoll zaps a wand.
You are blasted!
You die...

*,,,,,,,,,,,,,,,*,,,,,,,,,,*
***,,,,,*,,,,,*.#,****,*****
****,,,,,,*,,.*,****,*
*****,,*##.,,,,,,,*
**,,...******** ######### ***#.#*
#..K..K.# #.# #.#####.# #.#
#.#**##.# #@# *********
##.##.##K##### #.# #..,,,,,,
#..........K.# #.# #.#*****,
#..##.##..##.###g## #.# *,
#..##.##..##g##g..####**#.#*****,
#..##.##..##.#........?,...,,,**,
#.........##......#####*#.#**,**,
#.##.####.##.###.## #.###.##.
#(##.####.##..*#.#******#<.......


You could see 2 gnolls.

Vanquished Creatures
  A gnoll (D:3)
  2 adders
  A dart slug (D:2)
  A leopard gecko (D:1)
  An orc (D:2)
  4 giant cockroaches
  7 goblins
  7 hobgoblins
  9 jackals
  10 kobolds
  A quokka (D:2)
  5 bats
  5 frilled lizards
  2 rats (D:2)
56 creatures vanquished.

Notes
Turn   | Place    | Note
-------+----------+-------------------------------------------
     0 | D:1      | MisterFreud the Gnoll Skald began the quest for the Orb.
     0 | D:1      | Reached XP level 1. HP: 20/20 MP: 6/6
   464 | D:1      | Reached XP level 2. HP: 23/26 MP: 4/7
   468 | D:1      | Learned a level 2 spell: Song of Slaying
   471 | D:1      | Learned a level 2 spell: Shroud of Golubria
   983 | D:1      | Reached XP level 3. HP: 31/31 MP: 1/9
  1043 | D:1      | Reached skill level 5 in Spellcasting
  1248 | D:1      | Learned a level 3 spell: Regeneration
  1252 | D:1      | Learned a level 3 spell: Spectral Weapon
  1474 | D:2      | Reached skill level 1 in Invocations
  1483 | D:2      | Reached skill level 1 in Short Blades
  1483 | D:2      | Reached skill level 1 in Long Blades
  1483 | D:2      | Reached skill level 1 in Axes
  1483 | D:2      | Reached skill level 1 in Maces & Flails
  1483 | D:2      | Reached skill level 1 in Staves
  1483 | D:2      | Reached skill level 1 in Slings
  1483 | D:2      | Reached skill level 1 in Bows
  1483 | D:2      | Reached skill level 1 in Crossbows
  1483 | D:2      | Reached skill level 1 in Throwing
  1483 | D:2      | Reached skill level 1 in Stealth
  1483 | D:2      | Reached skill level 1 in Shields
  1483 | D:2      | Reached skill level 1 in Unarmed Combat
  1483 | D:2      | Reached skill level 1 in Evocations
  1529 | D:2      | Reached XP level 4. HP: 38/38 MP: 0/11
  1695 | D:2      | Noticed Sigmund
  2404 | D:3      | Reached skill level 1 in Conjurations
  2404 | D:3      | Reached skill level 1 in Hexes
  2404 | D:3      | Reached skill level 1 in Summonings
  2404 | D:3      | Reached skill level 1 in Necromancy
  2404 | D:3      | Reached skill level 1 in Translocations
  2404 | D:3      | Reached skill level 1 in Transmutations
  2404 | D:3      | Reached skill level 1 in Fire Magic
  2404 | D:3      | Reached skill level 1 in Ice Magic
  2404 | D:3      | Reached skill level 1 in Air Magic
  2404 | D:3      | Reached skill level 1 in Earth Magic
  2404 | D:3      | Reached skill level 1 in Poison Magic
  2440 | D:3      | Blown up by a gnoll

Vault maps used:
D:1:      dpeg_arrival_shrine
D:2:      uniq_sigmund, uniq_terence
D:3:      lemuel_castle_with_subvaults, palyth_stone_intersect

Skill      XL: |  1  2  3  4 |
---------------+-------------+-----
Spellcasting   | 5 |  5.1
Invocations    | 1 |  1.3
Short Blades   | 1 |  1.2
Long Blades    | 1 |  1.2
Axes           | 1 |  1.2
Maces & Flails | 1 |  1.2
Staves         | 1 |  1.2
Slings         | 1 |  1.2
Bows           | 1 |  1.2
Crossbows      | 1 |  1.2
Throwing       | 1 |  1.2
Stealth        | 1 |  1.2
Shields        | 1 |  1.2
Unarmed Combat | 1 |  1.2
Evocations     | 1 |  1.2
Conjurations   | 1 |  1.0
Hexes          | 1 |  1.0
Summonings     | 1 |  1.0
Necromancy     | 1 |  1.0
Translocations | 1 |  1.0
Transmutations | 1 |  1.0
Fire Magic     | 1 |  1.0
Ice Magic      | 1 |  1.0
Air Magic      | 1 |  1.0
Earth Magic    | 1 |  1.0
Poison Magic   | 1 |  1.0
Fighting       | |  4.6
Polearms       | |  4.6
Armour         | |  2.8
Dodging        | |  4.6
Charms         | |  5.5

Action                   |  1- 3 |  4- 6 || total
-------------------------+-------+-------++-------
Melee: Spear             |   134 |    73 ||   207
       Bite              |     8 |     3 ||    11
 Cast: Infusion          |    11 |     2 ||    13
       Shroud of Golubri |    15 |     8 ||    23
       Song of Slaying   |     1 |     1 ||     2
  Use: Scroll            |       |     4 ||     4
 Stab: Sleeping          |     2 |       ||     2
  Eat: Chunk             |     2 |     2 ||     4
Armor: Leather armour    |    21 |     9 ||    30
Dodge: Dodged            |    74 |    68 ||   142

Table legend:
 A = Spawn XP
 B = Non-spawn XP
 C = Spawn XP percentage of total XP
 D = Spawn monster count
 E = Non-spawn monster count
 F = Spawn count percentage of total count
 G = Total turns spent on level
                    A         B        C        D         E        F      G
               +---------+---------+-------+---------+---------+-------+---------
         Total |       0 |     135 |   0.0 |       0 |      56 |   0.0 |  2440
               +---------+---------+-------+---------+---------+-------+---------
           D:1 |       0 |      50 |   0.0 |       0 |      29 |   0.0 |  1395
           D:2 |       0 |      51 |   0.0 |       0 |      22 |   0.0 |   710
           D:3 |       0 |      34 |   0.0 |       0 |       5 |   0.0 |   335
               +---------+---------+-------+---------+---------+-------+---------
